 Dungeon Crawl Stone Soup version 0.27-a0-1597-ge58577e147 (webtiles) character file.

Game seed: 8268045848931644752

6639 HAL9000 the Covert (level 11, -7/56 HPs)
             Began as a Vine Stalker Brigand on July 21, 2021.
             Was a Believer of Dithmenos.
             Mangled by a cane toad (14 damage)
             ... on level 1 of the Lair of Beasts.
             The game lasted 00:19:21 (10043 turns).

HAL9000 the Covert (Vine Stalker Brigand)          Turns: 10043, Time: 00:19:22

Health: -7/56      AC:  6    Str: 15    XL:     11   Next: 2%
Magic:  0/12       EV: 11    Int: 19    God:    Dithmenos [**....]
Gold:   539        SH:  0    Dex: 16    Spells: 5/10 levels left

rFire    . . .     SeeInvis .   a - +3 dagger
rCold    + . .     Faith    .   (no shield)
rNeg     . . .     Spirit   +   B - +1 robe {rC+}
rPois    .         Reflect  .   z - +0 helmet
rElec    .         Harm     .   c - +1 cloak
rCorr    .         Rampage  .   (no gloves)
Will     +....                  (no boots)
Stlth    ++++++....             (no amulet)
HPRegen  1.18/turn              y - ring of wizardry
MPRegen  0.13/turn              i - +6 ring of intelligence

@: lethally poisoned (-7 -> -7), wreathed by umbra
A: fangs 3, regeneration 1, magic shield, antimagic bite, no potion heal 2
a: Renounce Religion, Shadow Step


You were on level 1 of the Lair of Beasts.
You worshipped Dithmenos.
Dithmenos was pleased with you.
You visited 3 branches of the dungeon, and saw 11 of its levels.

You collected 596 gold pieces.
You spent 57 gold pieces at shops.

Inventory:

Hand Weapons
 a - a +3 dagger (weapon)
 C - a +1 short sword of draining
 D - a +0 hand crossbow
 H - a +1 dagger of flaming
Missiles
 e - 37 poisoned darts
 l - 4 javelins
 q - a boomerang
 t - a curare-tipped dart (quivered)
 v - 5 atropa-tipped darts
 E - 38 bolts
Armour
 c - a +1 cloak (worn)
 z - a +0 helmet (worn)
 B - a +1 robe of cold resistance (worn)
Jewellery
 b - a +6 ring of dexterity
 i - a +6 ring of intelligence (right hand)
 y - a ring of wizardry (left hand)
 A - a ring of wizardry
Wands
 d - a wand of digging (3)
 F - a wand of flame (18)
 G - a wand of mindburst (14)
Scrolls
 o - a scroll of enchant weapon
 p - a scroll of enchant armour
 x - a scroll of holy word {unknown}
Potions
 f - 2 potions of mutation {unknown}
 g - 3 potions of resistance {unknown}
 h - 5 potions of cancellation {unknown}
 j - 6 potions of curing
 k - a potion of brilliance {unknown}
 m - a potion of haste
 n - 2 potions of invisibility
 r - a potion of might {unknown}
 s - a potion of attraction {unknown}
 u - a potion of lignification {unknown}
 w - a potion of magic {unknown}
 I - a potion of heal wounds {unknown}


   Skills:
 - Level 5.5 Fighting
 - Level 9.7 Short Blades
 - Level 4.0 Throwing
 - Level 0.7 Dodging
 + Level 11.2 Stealth
 - Level 1.6 Translocations
 - Level 5.8 Air Magic
 - Level 3.1 Poison Magic


You had 5 spell levels left.
You knew the following spells:

 Your Spells              Type           Power      Damage    Failure   Level
a - Mephitic Cloud        Conj/Pois/Air  11%        N/A       8%          3
b - Blink                 Tloc           N/A        N/A       6%          2

Your spell library contained the following spells:

 Spells                   Type           Power      Damage    Failure   Level
 Animate Skeleton         Necr           0%         N/A       9%          1
 Magic Dart               Conj           0%         1d3       9%          1
 Pain                     Necr           0%         1d4       9%          1
 Call Imp                 Summ           0%         N/A       12%         2
 Searing Ray              Conj           0%         3d3       12%         2
 Lesser Beckoning         Tloc           3%         N/A       13%         3
 Portal Projectile        Hex/Tloc       6%         N/A       17%         3
 Frozen Ramparts          Ice            0%         1d2       24%         3
 Vampiric Draining        Necr           0%         2d6       24%         3
 Iskenderun's Mystic Bla  Conj/Tloc      3%         2d3       50%         4
 Animate Dead             Necr           0%         N/A       58%         4
 Fulminant Prism          Conj/Hex       0%         3d6       58%         4
 Ice Form                 Ice/Tmut       0%         N/A       58%         4
 Sticky Flame             Conj/Fire      0%         2d3       58%         4
 Summon Ice Beast         Ice/Summ       0%         N/A       58%         4
 Manifold Assault         Tloc           6%         N/A       71%         5
 Blade Hands              Tmut           0%         N/A       89%         5
 Excruciating Wounds      Necr           0%         N/A       89%         5
 Death Channel            Necr           0%         N/A       100%        6
 Disjunction              Tloc           3%         N/A       100%        8


Dungeon Overview and Level Annotations

Branches:
Dungeon (9/15)             Temple (1/1) D:7            Lair (1/6) D:9
    Orc (0/2) D:9

Altars:
Ashenzari
Cheibriados
Dithmenos
Elyvilon
Fedhas
Gozag
Hepliaklqana
Kikubaaqudgha
Makhleb
Nemelex Xobeh
Okawaru
Qazlal
Ru
Sif Muna
Trog
Uskayaw
Vehumet
Wu Jian
Xom
Yredelemnul
Zin
The Shining One

Shops:
D:5 [**

Annotations:
D:3 3 runed translucent doors, DocSulfur's ghost, amateur TrHu


Innate Abilities, Weirdness & Mutations

You have razor-sharp teeth.
Your natural rate of healing is unusually fast.
When hurt, damage is shared between your health and your magic reserves.
Your bite disrupts and absorbs the magic of your enemies.
Potions cannot restore your health.


Message History

You hit the cane toad.
The cane toad is heavily wounded.
You feel sick. The cane toad stings you!
You are more poisoned.
The cane toad poisons you!
You hit the cane toad. You bite the cane toad. You drain its power.
You feel invigorated.
The cane toad is heavily wounded.
You feel very sick.
You hit the cane toad but do no damage.
The cane toad is heavily wounded.
You feel very sick. The cane toad closely misses you.
You completely miss the cane toad. Your bite misses the cane toad.
The cane toad is heavily wounded.
You feel sick. The cane toad stings you!!
You closely miss the cane toad. Your bite misses the cane toad.
The cane toad is heavily wounded.
You feel sick.
You hit the cane toad.
The cane toad is heavily wounded.
You feel sick. The cane toad misses you.
You hit the cane toad but do no damage. Your bite misses the cane toad.
The cane toad is heavily wounded.
You feel sick.
You hit the cane toad but do no damage.
You bite the cane toad, but do no damage.
The cane toad is heavily wounded.
You feel sick. The cane toad barely misses you.
You hit the cane toad.
The cane toad is severely wounded.
You feel sick. The cane toad stings you.
* * * LOW HITPOINT WARNING * * *
You hit the cane toad. Your bite misses the cane toad.
The cane toad is severely wounded.
You feel sick.
You barely miss the cane toad.
The cane toad is severely wounded.
You feel sick. The cane toad stings you!!
You die...

##### ....#
+######.#.##
.........#.P#
#......(F@#.#
+..........†#
#.........#.#
#...........#
#.........#.#
..#........^..#
.#.#.........#..#
(...#...##.#.#.##
##.............#


You could see a cane toad.

Vanquished Creatures
  A hydra (Lair:1)
  3 komodo dragons (Lair:1)
  Grinder (D:5)
  Prince Ribbit (D:5)
  2 wyverns (D:9)
  2 yaks (D:8)
  Menkaure (D:5)
  Edmund (D:4)
  6 water moccasins
  2 orc warriors (D:9)
  2 black bears
  A necrophage (D:6)
  An ogre (D:6)
  2 centaurs
  3 phantoms
  4 kobold brigands
  4 bullfrogs
  A scorpion (D:5)
  A water moccasin zombie (D:6)
  3 killer bees (D:9)
  14 wights
  A howler monkey (D:6)
  2 bullfrog zombies
  A centaur zombie (D:5)
  2 hounds
  3 bullfrog skeletons
  3 centaur skeletons
  4 orc priests
  Terence (D:2)
  5 iguanas
  5 orc wizards
  A killer bee zombie (D:7)
  2 hound skeletons (D:4)
  A howler monkey zombie (D:9)
  4 gnolls (D:3)
  8 adders
  A white imp (D:6)
  2 ufetubi
  An adder skeleton (D:4)
  2 worms (D:3)
  5 dart slugs
  29 orcs
  6 endoplasms
  3 giant cockroaches
  9 goblins
  5 hobgoblins
  8 jackals
  30 kobolds
  2 quokkas (D:1)
  5 ball pythons
  6 bats
  6 frilled lizards
  4 rats
223 creatures vanquished.

Vanquished Creatures (others)
  4 fungi (D:9)
  17 plants (D:9)
21 creatures vanquished.

Grand Total: 244 creatures vanquished

Notes
Turn   | Place    | Note
-------+----------+-------------------------------------------
     0 | D:1      | HAL9000 the Vine Stalker Brigand began the quest for the
                  | Orb.
     0 | D:1      | Reached XP level 1. HP: 11/11 MP: 2/2
   432 | D:1      | Reached XP level 2. HP: 15/15 MP: 3/3
   786 | D:1      | Reached XP level 3. HP: 11/18 MP: 2/4
  1312 | D:2      | Found a faded altar of an unknown god.
  1813 | D:2      | Gained mutation: Your natural rate of healing is unusually
                  | fast. [Vine Stalker growth]
  1813 | D:2      | Reached XP level 4. HP: 18/23 MP: 5/5
  2119 | D:2      | Noticed Terence
  2133 | D:2      | Killed Terence
  2134 | D:2      | Reached skill level 5 in Stealth
  2453 | D:3      | Reached XP level 5. HP: 26/26 MP: 6/6
  2481 | D:3      | Noticed DocSulfur's ghost (amateur TrHu)
  2541 | D:3      | Found a runed translucent gate.
  2553 | D:3      | Found a runed translucent gate.
  2560 | D:3      | Found a runed translucent gate.
  2749 | D:3      | Got the Incunabulum of the Spatial Blaze
  3144 | D:4      | Noticed Edmund
  3243 | D:4      | Reached XP level 6. HP: 26/30 MP: 5/7
  3661 | D:4      | Killed Edmund
  3662 | D:4      | Reached skill level 5 in Short Blades
  3662 | D:4      | Reached XP level 7. HP: 29/34 MP: 6/8
  4005 | D:5      | Entered Level 5 of the Dungeon
  4071 | D:5      | Found Zoijiur's General Store.
  4103 | D:5      | Bought 8 atropa-tipped darts for 57 gold pieces
  4227 | D:5      | Noticed Grinder
  4246 | D:5      | Killed Grinder
  4340 | D:5      | Found a snail-covered altar of Cheibriados.
  4340 | D:5      | Found a radiant altar of Vehumet.
  4432 | D:5      | Noticed Menkaure
  4454 | D:5      | Killed Menkaure
  4455 | D:5      | Gained mutation: You have razor-sharp teeth. [Vine Stalker
                  | growth]
  4455 | D:5      | Reached XP level 8. HP: 39/39 MP: 9/9
  4479 | D:5      | Found Geir Qipt's Armour Boutique.
  4498 | D:5      | Learned a level 3 spell: Mephitic Cloud
  4543 | D:5      | Noticed Prince Ribbit
  4572 | D:5      | Killed Prince Ribbit
  4712 | D:5      | Found Vaatyh's Assorted Antiques.
  5215 | D:6      | Reached skill level 1 in Air Magic
  5405 | D:6      | Reached XP level 9. HP: 41/44 MP: 10/10
  5532 | D:6      | Reached skill level 5 in Air Magic
  5741 | D:6      | Reached skill level 6 in Stealth
  5892 | D:6      | Learned a level 2 spell: Blink
  6332 | D:7      | Reached skill level 7 in Stealth
  6708 | D:7      | Reached skill level 8 in Stealth
  7023 | D:7      | Reached skill level 9 in Stealth
  7039 | D:7      | Got Ythi's Catalogue of Sinister Displacement
  7049 | D:7      | Found a staircase to the Ecumenical Temple.
  7095 | Temple   | Entered the Ecumenical Temple
  7282 | Temple   | Became a worshipper of Dithmenos the Shadowed
  7620 | D:7      | Reached skill level 10 in Stealth
  7740 | D:8      | Reached skill level 1 in Translocations
  7832 | D:8      | Reached XP level 10. HP: 38/49 MP: 8/11
  8030 | D:8      | Reached skill level 1 in Poison Magic
  8189 | D:8      | Reached * piety under Dithmenos
  8794 | D:9      | Found a staircase to the Lair.
  9113 | D:9      | Found a staircase to the Orcish Mines.
  9392 | D:9      | Reached ** piety under Dithmenos
  9933 | Lair:1   | Entered Level 1 of the Lair of Beasts
  9937 | Lair:1   | Reached skill level 5 in Fighting
 10015 | Lair:1   | Noticed an eight-headed hydra
 10017 | Lair:1   | Noticed a cane toad
 10023 | Lair:1   | Killed an eight-headed hydra
 10024 | Lair:1   | Reached skill level 11 in Stealth
 10024 | Lair:1   | Reached XP level 11. HP: 56/56 MP: 12/12
 10043 | Lair:1   | Mangled by a cane toad

Illustrated notes

Levels and vault maps discovered:
D:1:      dpeg_arrival_three_same_balls, layout_loops_ring, hex_tiny,
          minmay_heptomino_l4
D:2:      layout_basic, shapermc_ecumenical_altar_ellora, uniq_terence
D:3:      layout_rooms, gammafunk_ghost_icy, grunt_decor_mini_mirrors
D:4:      layout_loops_cross, uniq_edmund
D:5:      layout_cave_pods, gammafunk_temple_overflow_pools, serial_shops,
          nicolae_square_shop, shop_fountains, shop_statue, minmay_misc_feat_x,
          uniq_prince_ribbit1, uniq_menkaure, uniq_grinder
D:6:      layout_gridville
D:7:      layout_cave_pools, minmay_temple_entry_large_hall, patterned_corridor
D:8:      layout_loops_ring
D:9:      layout_irregular_city, minmay_lair_entry_grove, hiddenorc1_lemuel,
          hangedman_decor_opposing, nrook_mini_backslash, serial_park_tiny_1,
          uniq_joseph
Temple:   regret_index_temple_chain_breaker
Lair:1:   layout_regular_city, serial_bayou_shore_b, uniq_erica

Skill      XL: |  1  2  3  4  5  6  7  8  9 10 |
---------------+-------------------------------+-----
Throwing       | 2 3 4 |  4.0
Stealth        | 5 10 11 | 11.2
Short Blades   | 2 3 5 7 8 9 |  9.7
Fighting       | 2 3 5 |  5.5
Air Magic      | 4 5 |  5.8
Translocations | 1 |  1.6
Poison Magic   | 3 |  3.1
Dodging        | |  0.7

Action                   |  1- 3 |  4- 6 |  7- 9 | 10-12 || total
-------------------------+-------+-------+-------+-------++-------
Melee: Dagger            |    85 |   167 |   366 |   291 ||   909
       Bite              |    25 |    44 |   129 |    94 ||   292
Throw: Dart              |     9 |    32 |    30 |    61 ||   132
       Boomerang         |       |     7 |    19 |     1 ||    27
 Cast: Mephitic Cloud    |       |       |       |     4 ||     4
  Use: Scroll            |       |       |    11 |       ||    11
 Stab: Sleeping          |    11 |    14 |    12 |     6 ||    43
       Invisible         |       |       |     2 |       ||     2
       Distracted        |       |       |     1 |     1 ||     2
       Confused          |       |       |       |     1 ||     1
Armor: Robe              |    19 |    29 |    55 |    56 ||   159
Dodge: Dodged            |    47 |    64 |   114 |   117 ||   342

Table legend: (Time is in decaauts)
 A = Elapsed time spent in this place.
 B = Non-inter-level travel time spent in this place.
 C = Inter-level travel time spent in this place.
 D = Time resting spent in this place.
 E = Time spent auto-exploring this place.
 F = Levels seen in this place.
 G = Mean time per level.
                   A        B        C        D        E       F      G
               +--------+--------+--------+--------+--------+-----+--------+
         Total |   9733 |   9124 |    609 |   1257 |   5836 |  11 |  884.8 |
       Dungeon |   9445 |   8863 |    582 |   1257 |   5648 |   9 | 1049.4 |
        Temple |    198 |    171 |     27 |      0 |    168 |   1 |  198.0 |
          Lair |     89 |     89 |      0 |      0 |     20 |   1 |   89.0 |
               +--------+--------+--------+--------+--------+-----+--------+

Top non-repeatable levels by time:
     D:6: 1297 daAuts
     D:1: 1278 daAuts
     D:8: 1135 daAuts
     D:5: 1131 daAuts
     D:2: 1121 daAuts
     D:7: 984 daAuts
     D:9: 935 daAuts
     D:4: 809 daAuts
     D:3: 752 daAuts
  Temple: 198 daAuts
  Lair:1: 89 daAuts
